 Dungeon Crawl Stone Soup version 0.23-a0-183-gf37f6fb (webtiles) character file.

7102 tsouns the Grappler (level 10, -7/102 HPs)
             Began as a Troll Earth Elementalist on Sept 21, 2018.
             Was a Follower of Ru.
             Mangled by a two-headed ogre
             ... wielding a +0 giant club
              (16 damage)
             ... on level 9 of the Dungeon.
             The game lasted 00:23:41 (7375 turns).

tsouns the Grappler (Troll Earth Elementalist)      Turns: 7375, Time: 00:23:41

Health: -7/102     AC:  9    Str: 19      XL:     10   Next: 84%
Magic:  9/11       EV:  9    Int: 13      God:    Ru [*.....]
Gold:   265        SH:  0    Dex:  8 (10) Spells: 3/11 levels left

rFire    . . .     SeeInvis +     - Unarmed
rCold    . . .     Gourm    +   (no shield)
rNeg     . . .     Faith    .   H - +0 troll leather armour
rPois    +         Spirit   .   (helmet restricted)
rElec    .         Reflect  .   E - +1 cloak {MR+}
rCorr    .         Harm     .   (gloves unavailable)
MR       +....                  (boots unavailable)
Stlth    +.........             u - amulet of the acrobat
HPRegen  1.07/turn              A - ring of see invisible
MPRegen  0.12/turn              D - ring of poison resistance

@: very slightly contaminated
A: large, unfitting armour, claws 3, fast metabolism 3, gourmand, regeneration
1, shaggy fur 1, tough skin 2, inability to train armour
a: Renounce Religion


You were on level 9 of the Dungeon.
You worshipped Ru.
Ru was aware of your devotion.
You were completely stuffed.

You visited 2 branches of the dungeon, and saw 10 of its levels.

You collected 331 gold pieces.
You spent 66 gold pieces at shops.

Inventory:

Hand Weapons
 C - the +9 flail of Olufa {crush, rPois Int+2, unknown}
   (You took it off an orc on level 7 of the Dungeon)

   It inflicts extra damage upon your enemies.
   It affects your intelligence (+2).
   It protects you from poison.
Missiles
 b - 167 stones (quivered)
Armour
 m - a +2 robe of positive energy
 E - a +1 cloak of magic resistance (worn)
 H - a +0 troll leather armour (worn)
Jewellery
 f - an uncursed ring of ice
 r - an uncursed ring of resist corrosion {unknown}
 u - an amulet of the acrobat (around neck)
 w - an uncursed amulet of rage
 A - a ring of see invisible (left claw)
 D - a ring of poison resistance (right claw)
Wands
 l - a wand of iceblast (3)
 p - a wand of acid (8)
 q - a wand of random effects (62)
 y - a wand of disintegration (27)
 B - a wand of flame (13)
Scrolls
 g - 2 scrolls of fear
 i - a scroll of magic mapping
 j - 2 scrolls of blinking
 n - a scroll of fog
 t - 2 scrolls of teleportation
 v - a scroll of summoning
 z - a scroll of immolation
Potions
 a - 2 potions of degeneration
 c - 2 potions of brilliance
 e - a potion of heal wounds
 h - 2 potions of lignification
 k - a potion of curing
 o - a potion of flight {unknown}
 s - a potion of agility
 x - a potion of mutation {unknown}
 G - a potion of magic {unknown}
 I - a potion of invisibility {unknown}
Comestibles
 d - 20 rations
 F - a chunk of flesh


   Skills:
 + Level 7.2 Fighting
 - Level 1.5 Dodging
 + Level 2.0 Stealth
 * Level 13.0 Unarmed Combat
 - Level 1.2 Spellcasting
 - Level 0.6 Transmutations
 - Level 2.6 Earth Magic
 - Level 2.6 Evocations


You had 3 spell levels left.
You knew the following spells:

 Your Spells              Type           Power        Failure   Level  Hunger
a - Sandblast             Erth           #.....       11%         1    ##.....
b - Passwall              Tmut/Erth      #.......     26%         2    ###....
c - Petrify               Tmut/Erth      #.......     86%         4    #####..
d - Confusing Touch       Hex            #.....       32%         1    ##.....

Your spell library contained the following spells:

 Spells                   Type           Power        Failure   Level  Hunger
 Flame Tongue             Conj/Fire      #....        32%         1    ##.....
 Throw Flame              Conj/Fire      #.....       45%         2    ###....
 Stone Arrow              Conj/Erth      #.....       50%         3    ####...
 Confuse                  Hex            #.......     69%         3    ####...
 Conjure Flame            Conj/Fire      #.......     69%         3    ####...
 Gell's Gravitas          Tloc           #.........   69%         3    ####...
 Inner Flame              Hex/Fire       #.......     69%         3    ####...
 Lee's Rapid Deconstruct  Erth           #.........   96%         5    ######.
 Sticky Flame             Conj/Fire      #.......     97%         4    #####..
 Fireball                 Conj/Fire      #.........   100%        5    ######.
 Metabolic Englaciation   Hex/Ice        #.........   100%        5    ######.
 Yara's Violent Unravell  Hex/Tmut       #.........   100%        5    ######.


Dungeon Overview and Level Annotations

Branches:
Dungeon (9/15)             Temple (1/1) D:7
   Lair: D:8-11         Orc: D:9-12

Altars:
Ashenzari
Cheibriados
Dithmenos
Elyvilon
Fedhas
Gozag
Hepliaklqana
Kikubaaqudgha
Makhleb
Nemelex Xobeh
Okawaru
Qazlal
Ru
Sif Muna
Trog
Uskayaw
Vehumet
Wu Jian
Yredelemnul
Zin
The Shining One

Shops:
D:6 *

Annotations:
D:4 2 runed doors
D:7 1 runed door, galech's ghost, novice DsFi


Innate Abilities, Weirdness & Mutations

You are too large for most types of armour.
You have claws for hands.
Your metabolism is lightning-fast.
You like to eat raw meat.
Your natural rate of healing is unusually fast.
You are covered in fur. (AC +1)
You have very tough skin. (AC +2)
You cannot train Armour skill.


Message History

The two-headed ogre is moderately wounded.
Casting: Confusing Touch (safe; 32% risk of failure)
Confirm with . or Enter, or press ? or * to list all spells.
You miscast Confusing Touch.
Strange energies run through your body.
The two-headed ogre hits you with a giant club!!
The two-headed ogre hits you with a giant club!
* * * LOW HITPOINT WARNING * * *
You barely miss the two-headed ogre. You claw the two-headed ogre!!
The two-headed ogre is severely wounded.
The two-headed ogre closely misses you.
The two-headed ogre hits you with a giant club!
* * * LOW HITPOINT WARNING * * *
You barely miss the two-headed ogre.
The two-headed ogre is severely wounded.
You mangle the two-headed ogre!!
The two-headed ogre is almost dead.
The two-headed ogre hits you with a giant club!
* * * LOW HITPOINT WARNING * * *
The two-headed ogre hits you with a giant club!
You die...

### ##.## .#. ##. ... ... . ...
.. ... ## ..... #..#.# .....#
#..#.# #..#O# #..#@#.# ..#
#..#.#.# #.....##.
..###########..#.#.###........##.
.................................
...................#####..#......
.......#.#####.#...# #.#......
..###..#.# #.#...# #.....###
#.###..#.# ##.....######.....###
....#..#.####...........(.....†..


You could see a two-headed ogre.

Vanquished Creatures
  A hydra (D:7)
  A two-headed ogre (D:8)
  Pikel (D:4)
  Maurice (D:8)
  A troll (D:9)
  A hippogriff (D:7)
  Sigmund (D:5)
  A yak (D:4)
  2 water moccasins (D:8)
  3 orc warriors
  2 ice beasts
  A sky beast (D:6)
  An eye of draining (D:8)
  3 slaves (D:4)
  A black bear (D:6)
  4 ogres
  A phantom (D:6)
  A necrophage (D:8)
  3 centaurs
  8 bullfrogs
  A scorpion (D:4)
  9 killer bees (D:9)
  A howler monkey (D:4)
  A crimson imp (D:6)
  A centaur zombie (D:7)
  3 quasits
  A bullfrog zombie (D:7)
  7 hounds
  2 jellies (D:5)
  9 orc wizards
  5 orc priests
  A bullfrog skeleton (D:6)
  Natasha (thrice) (D:3)
  6 worker ants
  A killer bee zombie (D:8)
  A hound zombie (D:6)
  A hound skeleton (D:7)
  A worker ant zombie (D:8)
  A howler monkey skeleton (D:4)
  11 gnolls
  10 adders
  A shadow imp (D:5)
  2 oozes
  An adder zombie (D:5)
  An adder skeleton (D:5)
  A worm (D:6)
  A dart slug (D:2)
  7 leopard geckos
  28 orcs
  3 bat zombies (D:4)
  2 giant cockroaches
  6 goblins
  2 hobgoblins (D:1)
  6 jackals
  5 kobolds
  5 quokkas
  2 ball pythons
  4 bats
  4 frilled lizards
  A quokka skeleton (D:8)
  A quokka zombie (D:7)
  4 rats
  A rat zombie (D:4)
202 creatures vanquished.

Vanquished Creatures (others)
  Joseph (D:8)
  2 orcs (D:8)
3 creatures vanquished.

Grand Total: 205 creatures vanquished

Notes
Turn   | Place    | Note
-------+----------+-------------------------------------------
     0 | D:1      | tsouns the Troll Earth Elementalist began the quest for the
                  | Orb.
     0 | D:1      | Reached XP level 1. HP: 16/16 MP: 1/1
   408 | D:1      | Reached skill level 1 in Unarmed Combat
   434 | D:1      | Reached XP level 2. HP: 26/26 MP: 2/2
   756 | D:1      | Reached skill level 1 in Fighting
   756 | D:1      | Reached skill level 2 in Unarmed Combat
  1249 | D:2      | Reached XP level 3. HP: 33/33 MP: 3/3
  1272 | D:2      | Found a stormy altar of Qazlal.
  1356 | D:2      | Found an opulent altar of Gozag.
  1381 | D:2      | Noticed an orc warrior
  1586 | D:2      | Reached skill level 3 in Unarmed Combat
  1586 | D:2      | Reached XP level 4. HP: 41/41 MP: 4/4
  1936 | D:2      | Killed an orc warrior
  1936 | D:2      | Reached skill level 4 in Unarmed Combat
  1936 | D:2      | Reached XP level 5. HP: 14/50 MP: 5/5
  2154 | D:3      | Reached XP level 6. HP: 58/59 MP: 6/6
  2172 | D:3      | Noticed Natasha
  2190 | D:3      | Killed Natasha
  2195 | D:3      | Found a glowing golden altar of the Shining One.
  2250 | D:3      | Reached skill level 5 in Unarmed Combat
  2280 | D:3      | Noticed Natasha
  2316 | D:3      | Killed Natasha
  2388 | D:3      | Noticed Natasha
  2399 | D:3      | Killed Natasha
  2805 | D:4      | Reached XP level 7. HP: 46/67 MP: 7/7
  2878 | D:4      | Found an iron altar of Okawaru.
  2889 | D:4      | Learned a level 2 spell: Passwall
  2894 | D:4      | Learned a level 4 spell: Petrify
  2924 | D:4      | Found an ancient bone altar of Kikubaaqudgha.
  2974 | D:4      | Found a white marble altar of Elyvilon.
  3020 | D:4      | Found a large runed door.
  3021 | D:4      | Found a large runed door.
  3056 | D:4      | Reached skill level 6 in Unarmed Combat
  3126 | D:4      | Found a large runed door.
  3127 | D:4      | Found a large runed door.
  3337 | D:4      | Noticed Pikel
  3422 | D:4      | Killed Pikel
  3422 | D:4      | Reached skill level 7 in Unarmed Combat
  3422 | D:4      | Reached XP level 8. HP: 29/79 MP: 8/8
  3575 | D:4      | Reached skill level 8 in Unarmed Combat
  3653 | D:4      | Learned a level 1 spell: Confusing Touch
  3668 | D:5      | Entered Level 5 of the Dungeon
  3918 | D:5      | Noticed Sigmund
  3959 | D:5      | Killed Sigmund
  3959 | D:5      | Reached skill level 5 in Fighting
  3959 | D:5      | Reached skill level 9 in Unarmed Combat
  4198 | D:5      | Found a bloodstained altar of Trog.
  4205 | D:5      | Found a blossoming altar of Fedhas.
  4633 | D:6      | Reached XP level 9. HP: 81/88 MP: 9/9
  4668 | D:6      | Found a radiant altar of Vehumet.
  4680 | D:6      | Found Vesawun's Assorted Antiques.
  4686 | D:6      | Bought a scroll labeled ONITOF ZASIR for 33 gold pieces
  4686 | D:6      | Bought a scroll labeled EBE IN RONAPT for 33 gold pieces
  4746 | D:6      | Reached skill level 10 in Unarmed Combat
  5287 | D:7      | Noticed galech's ghost (novice DsFi)
  5399 | D:7      | Found a staircase to the Ecumenical Temple.
  5405 | Temple   | Entered the Ecumenical Temple
  5453 | Temple   | Became a worshipper of Ru the Awakened
  5532 | D:7      | Noticed a four-headed hydra
  5553 | D:7      | Killed a four-headed hydra
  5553 | D:7      | Reached skill level 11 in Unarmed Combat
  5571 | D:7      | Found a runed door.
  5653 | D:7      | Reached XP level 10. HP: 71/100 MP: 10/10
  5672 | D:7      | Reached skill level 1 in Evocations
  5675 | D:7      | Got a brightly glowing flail {crush}
  6327 | D:8      | Reached skill level 12 in Unarmed Combat
  6398 | D:8      | Noticed Maurice
  6433 | D:8      | Killed Maurice
  6614 | D:8      | Noticed Joseph
  6640 | D:8      | Killed Joseph
  6785 | D:8      | Gained mutation: You cannot train Armour skill. [Ru
                  | sacrifice]
  6785 | D:8      | Reached * piety under Ru
  6839 | D:8      | Noticed a two-headed ogre
  6854 | D:8      | Killed a two-headed ogre
  7312 | D:9      | Reached skill level 13 in Unarmed Combat
  7362 | D:9      | Noticed a two-headed ogre
  7375 | D:9      | Mangled by a two-headed ogre

Vault maps used:
D:1:      dpeg_cavernosity, serial_aquarium, aquarium_bridge_square,
          aquarium_window_fake, aquarium_window_fake, aquarium_window_corner,
          aquarium_view_2b, aquarium_pool_S, minivault_24, minmay_pentomino_z2
D:2:      lemuel_doored_altar, grunt_qazlal_clouds
D:3:      tso_metal_star, uniq_natasha
D:4:      lemuel_zombie_altar_kikubaaqudgha, elyvilon_altar_4,
          okawaru_ov_weapons_minmay, first_ration, grunt_ministairs_6,
          glass_columns_c, hex_medium, minivault_25,
          minmay_hollow_rounded_squares, uniq_pikel
D:5:      amethyst_overflow_temple_binary, uniq_sigmund
D:6:      black_bear_nest_2, vehumet_crystals, serial_shops,
          nicolae_shop_competitors_out_of_business
D:7:      temple_statues, hellmonk_ghost_happy_afterlife
D:8:      uniq_maurice, uniq_joseph
D:9:      lemuel_round_altar
Temple:   minmay_temple_bridge_abc

Skill      XL: |  1  2  3  4  5  6  7  8  9 10 |
---------------+-------------------------------+-----
Unarmed Combat | 1 2 3 4 5 7 9 11 13 | 13.0
Fighting       | 1 2 3 4 5 6 7 |  7.2
Evocations     | 2 |  2.6
Stealth        | 2 |  2.0
Dodging        | |  1.5
Spellcasting   | |  1.2
Transmutations | |  0.6
Earth Magic    | |  2.6

Action                   |  1- 3 |  4- 6 |  7- 9 | 10-12 || total
-------------------------+-------+-------+-------+-------++-------
Melee: Unarmed           |   116 |   134 |   278 |   202 ||   730
       Punch             |     2 |     1 |    11 |     8 ||    22
Throw: Stone             |       |     1 |       |     2 ||     3
 Cast: Sandblast         |       |       |     8 |       ||     8
       Confusing Touch   |       |       |     2 |     6 ||     8
Invok: Sacrifice Durabil |       |       |       |     1 ||     1
Evoke: Wand              |       |       |     6 |     2 ||     8
  Use: Scroll            |       |     8 |     4 |     4 ||    16
       Potion            |       |       |     2 |       ||     2
 Stab: Sleeping          |     1 |       |       |     1 ||     2
       Confused          |       |       |     1 |     5 ||     6
  Eat: Chunk             |    20 |     8 |    29 |    17 ||    74
Armor: Robe              |    34 |    44 |    69 |    46 ||   193
       Skin              |       |       |     5 |       ||     5
       Troll leather arm |       |       |       |     9 ||     9
Dodge: Dodged            |    67 |    53 |    88 |   117 ||   325

Table legend:
 A = Non-vault XP
 B = Vault XP
 C = Vault XP percentage of total XP
 D = Non-vault monster count
 E = Vault monster count
 F = Vault count percentage of total count
                 A         B        C        D         E       F
            +---------+---------+-------+---------+---------+-------
      Total |    8021 |    2125 |  20.9 |     173 |      26 |  13.1
            +---------+---------+-------+---------+---------+-------
        D:1 |      37 |      12 |  24.5 |      15 |       6 |  28.6
        D:2 |     304 |       0 |   0.0 |      20 |       0 |   0.0
        D:3 |     176 |      35 |  16.6 |      14 |       1 |   6.7
        D:4 |     207 |    1058 |  83.6 |       8 |      15 |  65.2
        D:5 |     573 |     238 |  29.3 |      19 |       1 |   5.0
        D:6 |     957 |     124 |  11.5 |      23 |       1 |   4.2
        D:7 |    2108 |       0 |   0.0 |      33 |       0 |   0.0
        D:8 |    2387 |     658 |  21.6 |      24 |       2 |   7.7
        D:9 |    1272 |       0 |   0.0 |      17 |       0 |   0.0
            +---------+---------+-------+---------+---------+-------
